 Dungeon Crawl Stone Soup version 0.22.1-2-g9c5b331 (webtiles) character file.

169254 Lauz the Executioner (level 17, -4/171 HPs)
             Began as a Minotaur Berserker on Dec 2, 2018.
             Was the Champion of Trog.
             Slain by a shock serpent (14 damage)
             ... on level 2 of the Snake Pit.
             The game lasted 02:02:40 (34487 turns).

Lauz the Executioner (Minotaur Berserker)          Turns: 34487, Time: 02:02:41

Health: -4/171     AC: 25    Str: 28    XL:     17   Next: 10%
Magic:  16/16      EV: 14    Int:  4    God:    Trog [******]
Gold:   2634       SH:  3    Dex: 13    Spells: 16/16 levels left

rFire    + + .     SeeInvis +   U - +7 battleaxe (flame)
rCold    . . .     Gourm    .   (shield currently unavailable)
rNeg     + . .     Faith    .   A - +6 plate armour "Gedeus" {*Contam rN+ rCorr}
rPois    +         Spirit   .   J - +1 hat
rElec    .         Reflect  +   b - +0 cloak {+Inv}
rCorr    +         Harm     .   F - +0 pair of gloves
MR       +....                  r - +0 pair of boots
Stlth    ..........             q - +3 amulet of reflection
HPRegen  0.38/turn              O - ring "Geakops" {*Contam rF++ Dex+2 SInv Stlth+}
MPRegen  0.15/turn              H - ring of poison resistance

@: studying 2 skills
A: retaliatory headbutt, horns 2, deformed body
}: 1/15 runes: decaying
a: Berserk, Trog's Hand, Brothers in Arms, Renounce Religion, Evoke Invisibility


You were on level 2 of the Snake Pit.
You worshipped Trog.
Trog was exalted by your worship.
You were not hungry.

You visited 5 branches of the dungeon, and saw 27 of its levels.
You also visited: Labyrinth, Ossuary, Bailey and Volcano.

You collected 2907 gold pieces.
You spent 273 gold pieces at shops.

Inventory:

Hand Weapons
 h - a +3 arbalest of velocity
 p - a +5 battleaxe of draining
 B - a +0 executioner's axe of chopping
 Q - a +5 battleaxe of electrocution
 U - a +7 battleaxe of flaming (weapon)
 W - a +5 vampiric executioner's axe
Missiles
 z - 5 needles of sleeping
 M - 7 curare-tipped needles
 V - 239 bolts
Armour
 b - a +0 cloak of invisibility (worn)
 r - a +0 pair of boots (worn)
 y - the +0 chain mail of Vadoepot {Stlth+}
   (You found it on level 1 of the Snake Pit)

   It makes you more stealthy.
 A - the +6 plate armour "Gedeus" (worn) {*Contam rN+ rCorr}
   (You found it on level 9 of the Dungeon)

   It protects you from negative energy.
   It causes magical contamination when unequipped.
   It provides partial protection from all sources of acid and corrosion.
 F - a +0 pair of gloves (worn)
 J - a +1 hat (worn)
Jewellery
 g - an uncursed ring of flight
 j - an uncursed ring of protection from magic
 o - the amulet of the Doge {RegenMP Str+4 Dex+3}
   (You acquired it on level 3 of the Swamp)

   [amulet of magic regeneration]

   It increases your magic regeneration.
   It affects your strength (+4).
   It affects your dexterity (+3).
 q - a +3 amulet of reflection (around neck)
 H - a ring of poison resistance (right hand)
 O - the ring "Geakops" (left hand) {*Contam rF++ Dex+2 SInv Stlth+}
   (You found it in a labyrinth)

   [ring of stealth]

   It affects your dexterity (+2).
   It greatly protects you from fire.
   It lets you see invisible.
   It causes magical contamination when unequipped.
   It makes you more stealthy.
 T - an uncursed ring of positive energy
Wands
 a - a wand of digging (17)
 t - a wand of enslavement (30)
 E - a wand of polymorph (18)
 G - a wand of acid (71)
 Y - a wand of iceblast (5)
Scrolls
 d - 6 scrolls of teleportation
 l - 2 scrolls of enchant weapon
 x - 2 scrolls of identify
 D - 6 scrolls of magic mapping
 K - 3 scrolls of enchant armour
 N - 8 scrolls of remove curse
 R - 2 scrolls of blinking
 Z - a scroll of fear
Potions
 e - 6 potions of ambrosia
 f - 2 potions of haste
 i - 3 potions of magic
 k - 8 potions of curing
 m - a potion of invisibility {unknown}
 n - 4 potions of mutation
 s - 5 potions of agility
 u - 5 potions of resistance
 v - 8 potions of might
 w - 4 potions of heal wounds {unknown}
 C - a potion of experience {unknown}
 L - 4 potions of cancellation {unknown}
Books
 P - a manual of Crossbows
 X - a manual of Shields
Miscellaneous
 S - a fan of gales
Comestibles
 c - 41 rations


   Skills:
 * Level 20.3 Fighting
 + Level 21.8 Axes
 - Level 3.7 Crossbows
 * Level 18.2 Armour
 * Level 10.4 Dodging
 - Level 1.0 Stealth


You had 16 spell levels left.
You didn't know any spells.
Your spell library was empty.

Dungeon Overview and Level Annotations

Branches:
Dungeon (13/15)            Temple (0/1) D:5            Lair (6/6) D:8
  Swamp (4/4) Lair:2        Snake (2/4) Lair:2        Slime (0/5) Lair:6
    Orc (2/2) D:11            Elf (0/3) Orc:2        Vaults (0/5) D:13

Altars:
Elyvilon
Fedhas
Gozag
Makhleb
Nemelex Xobeh
Vehumet
Wu Jian
The Shining One
Beogh

Shops:
D:4 [:(   D:6 ?   D:10 }*   D:13 (   Orc:2 ??[=

Annotations:
D:8 3 runed doors, teukkam's ghost, novice MiFi
Lair:3 exclusion: 4 oklob plants
Lair:4 1 runed door, Lauz's ghost, journeyman MiBe


Innate Abilities, Weirdness & Mutations

You reflexively headbutt those who attack you in melee.
You have a pair of horns on your head.
Armour fits poorly on your strangely shaped body.


Message History

The shock serpent is moderately wounded.
The shock serpent's electric aura discharges, shocking you!
* * * LOW HITPOINT WARNING * * *
You feel sick. The shock serpent bites you.
* * * LOW HITPOINT WARNING * * *
The shock serpent shocks you!
* * * LOW HITPOINT WARNING * * *
You feel better.
You hear a shout!
You block the shock serpent's attack.
You slash the shock serpent! You burn the shock serpent!
Your headbutt misses the shock serpent.
The shock serpent is almost dead.
The shock serpent's electric aura discharges, shocking you!
* * * LOW HITPOINT WARNING * * *
You hear a shout!
The shock serpent bites you!
* * * LOW HITPOINT WARNING * * *
The shock serpent shocks you!
You die...

. #### ...
..###..#
##.S....##
#.@......#
#..........
#............
##.......#...
#.......## ..
#......## .
#.....##
#..####


You could see a shock serpent.

Vanquished Creatures
  Vashnia (Snake:2)
  Nikola (Swamp:1)
  The ghost of Pusafe the Basher, a journeyman GrMo of Cheibriados (Swamp:2)
  A minotaur (Lab)
  The ghost of cotteux the Cleaver, a journeyman GrBe of Trog (Lair:5)
  A fire dragon (Volcano)
  Fannar (D:10)
  3 centaur warriors
  20 hydras
  4 anacondas
  7 naga warriors
  2 dancing weapons (D:13)
  3 two-headed ogres
  A hell hog (Volcano)
  3 orc high priests (Orc:2)
  20 alligators
  A naga sharpshooter (Snake:2)
  A sun demon (Swamp:2)
  A shock serpent (Snake:1)
  5 spriggans
  Nergalle (D:10)
  A salamander mystic (Snake:2)
  2 naga ritualists (Snake:1)
  4 shambling mangroves
  A spriggan druid (Swamp:3)
  4 mana vipers
  15 swamp dragons
  A wolf spider (Lair:6)
  An ugly thing (D:13)
  7 orc knights
  5 orc sorcerers (Orc:2)
  2 cyclopes
  A centaur zombie (D:11)
  23 black mambas
  4 salamanders
  12 elephants
  Joseph (D:10)
  2 guardian serpents
  A molten gargoyle (Volcano)
  An ice statue (Swamp:3)
  2 gargoyles
  7 naga magi
  3 minotaur zombies (Lab)
  2 centaur skeletons
  21 spiny frogs
  6 komodo dragons
  2 queen bees
  A jumping spider (shapeshifter) (D:13)
  4 trolls
  4 polar bears (Lair:2)
  12 hornets
  8 hippogriffs
  11 tyrant leeches
  11 dream sheep (Lair:6)
  9 bog bodies
  14 slime creatures
  19 blink frogs
  3 shadows
  5 redbacks
  2 wraiths
  15 wyverns
  11 fire bats (Volcano)
  2 basilisks (Lair:1)
  38 yaks
  A redback simulacrum (D:13)
  2 hungry ghosts
  3 steam dragons (Volcano)
  6 wargs
  16 vampire mosquitoes
  6 insubstantial wisps
  15 swamp worms
  16 nagas
  2 soldier ants (D:13)
  18 water moccasins
  A hell hound (Volcano)
  A porcupine (Lair:5)
  16 swamp drakes
  35 orc warriors
  4 sky beasts
  6 ice beasts
  A phantom (D:6)
  10 black bears
  A necrophage (D:9)
  8 ogres
  27 wolves
  5 centaurs
  5 crocodiles
  A big kobold (D:8)
  18 bullfrogs
  A gnoll sergeant (D:7)
  5 scorpions
  42 killer bees
  4 wights (D:11)
  2 howler monkeys
  6 electric eels
  4 crimson imps
  6 lava snakes (Volcano)
  9 jellies
  4 bullfrog zombies
  5 hounds
  A gnoll shaman (D:6)
  22 orc priests
  5 iguanas
  26 orc wizards
  5 worker ants
  A bullfrog simulacrum (D:9)
  8 mummies (Ossuary)
  A worker ant zombie (D:5)
  A howler monkey skeleton (D:9)
  21 adders
  13 gnolls
  3 shadow imps
  19 oozes
  An adder skeleton (D:4)
  2 worms
  4 dart slugs
  5 leopard geckos
  97 orcs
  A ball python (D:2)
  7 bats
  2 giant cockroaches
  3 gnoll zombies (Ossuary)
  11 goblins
  5 hobgoblins
  10 jackals
  2 quokkas
  3 frilled lizards
  3 hobgoblin zombies (Ossuary)
  A jackal skeleton (D:4)
  21 kobolds
  A kobold zombie (Ossuary)
  An orc zombie (Ossuary)
  A quokka skeleton (D:8)
  7 rats
  3 fungi
  5 plants (Lair:6)
1013 creatures vanquished.

Vanquished Creatures (collateral kills)
  An orc sorcerer (Orc:2)
  3 insubstantial wisps (Swamp:3)
  A swamp worm (Swamp:3)
5 creatures vanquished.

Vanquished Creatures (others)
  2 vampire mosquitoes (Swamp:2)
  A water moccasin (Lair:6)
  2 orc warriors
  An orc priest (Orc:2)
  2 orcs (Bailey)
  12 fungi
  14 plants
  A withered plant (Swamp:2)
35 creatures vanquished.

Grand Total: 1053 creatures vanquished

Notes
Turn   | Place    | Note
-------+----------+-------------------------------------------
     0 | D:1      | Lauz the Minotaur Berserker began the quest for the Orb.
     0 | D:1      | Reached XP level 1. HP: 19/19 MP: 0/0
    62 | D:1      | Reached skill level 4 in Axes
   280 | D:1      | Reached XP level 2. HP: 27/27 MP: 1/1
   537 | D:1      | Reached XP level 3. HP: 23/33 MP: 2/2
   875 | D:2      | Reached skill level 5 in Axes
  1044 | D:2      | Noticed a scorpion
  1153 | D:2      | Killed a scorpion
  1153 | D:2      | Reached XP level 4. HP: 41/41 MP: 3/3
  1307 | D:2      | Reached ** piety under Trog
  1412 | D:2      | Reached skill level 6 in Axes
  1537 | D:2      | Reached XP level 5. HP: 31/47 MP: 4/4
  1539 | D:2      | Reached skill level 5 in Fighting
  2729 | D:4      | Found a sand-covered staircase.
  2734 | Ossuary  | Entered an ossuary
  2970 | Ossuary  | Reached skill level 7 in Axes
  2973 | Ossuary  | Reached XP level 6. HP: 56/56 MP: 5/5
  3267 | D:4      | Found Noxezed's Antique Armour Boutique.
  3395 | D:4      | Reached skill level 8 in Axes
  3395 | D:4      | Reached skill level 1 in Stealth
  3540 | D:4      | Found Telecvudaz's Book Shop.
  3578 | D:4      | Reached *** piety under Trog
  3581 | D:4      | Reached XP level 7. HP: 55/62 MP: 6/6
  3891 | D:4      | Found Dewkysog's Antique Weapon Shoppe.
  4334 | D:5      | Entered Level 5 of the Dungeon
  4374 | D:5      | Found a staircase to the Ecumenical Temple.
  4376 | D:5      | Reached skill level 9 in Axes
  5069 | D:5      | Reached skill level 10 in Axes
  5069 | D:5      | Reached XP level 8. HP: 63/71 MP: 7/7
  5661 | D:6      | Found Lenoudgh's Magic Scroll Emporium.
  5865 | D:6      | Reached skill level 11 in Axes
  5930 | D:6      | Found a burning altar of Makhleb.
  5938 | D:6      | Found an ornate altar of the Wu Jian Council.
  5943 | D:6      | Found a white marble altar of Elyvilon.
  6331 | D:5      | Reached **** piety under Trog
  6588 | D:6      | Reached skill level 12 in Axes
  7172 | D:6      | Reached XP level 9. HP: 79/79 MP: 8/8
  7778 | D:6      | Found a sparkling altar of Nemelex Xobeh.
  8112 | D:7      | Reached skill level 13 in Axes
  8432 | D:7      | Reached ***** piety under Trog
  9179 | D:8      | Found a staircase to the Lair.
  9193 | D:8      | Reached skill level 14 in Axes
  9295 | D:8      | Found a glowing golden altar of the Shining One.
  9317 | D:8      | Noticed a troll
  9332 | D:8      | Killed a troll
  9389 | D:8      | HP: 6/124 [electric eel/bolt of electricity (10)]
  9393 | D:8      | Received a gift from Trog
  9393 | D:8      | Reached XP level 10. HP: 8/91 MP: 9/9
  9731 | D:8      | Reached skill level 5 in Armour
  9782 | D:8      | Found a runed gate.
  9783 | D:8      | Found a runed gate.
  9784 | D:8      | Found a runed gate.
  9784 | D:8      | Noticed a nine-headed hydra
  9785 | D:8      | Noticed teukkam's ghost (novice MiFi)
  9785 | D:8      | Noticed a nine-headed hydra
 10296 | D:9      | Noticed a centaur warrior
 10296 | D:9      | Noticed a two-headed ogre
 10402 | D:9      | Got crude acid dragon scales
 10413 | D:9      | Identified the +2 acid dragon scales of Happiness {+Fly
                  | rF+++ rC- rCorr Str-4} (You found it on level 9 of the
                  | Dungeon)
 10483 | D:9      | Killed a centaur warrior
 10483 | D:9      | Reached skill level 15 in Axes
 10487 | D:9      | Killed a two-headed ogre
 10487 | D:9      | Reached skill level 10 in Fighting
 10506 | D:9      | Got a fine plate armour
 10517 | D:9      | Identified the +6 plate armour "Gedeus" {*Contam rN+ rCorr}
                  | (You found it on level 9 of the Dungeon)
 11078 | D:10     | Entered Level 10 of the Dungeon
 11088 | D:10     | Reached XP level 11. HP: 100/100 MP: 10/10
 11095 | D:10     | Found an opulent altar of Gozag.
 11161 | D:10     | Found Suam's Gadget Shoppe.
 11167 | D:10     | Noticed Nergalle
 11180 | D:10     | Killed Nergalle
 11202 | D:10     | Noticed Joseph
 11212 | D:10     | Killed Joseph
 11213 | D:10     | Noticed Fannar
 11394 | D:10     | Killed Fannar
 11394 | D:10     | Received a gift from Trog
 11394 | D:10     | Reached skill level 16 in Axes
 11397 | D:10     | Got a crude glaive {flame}
 11646 | D:10     | Found Kisiar's General Store.
 12287 | D:11     | Noticed a two-headed ogre
 12307 | D:11     | Killed a two-headed ogre
 12659 | D:11     | Found a staircase to the Orcish Mines.
 12717 | D:11     | Noticed a two-headed ogre
 12724 | D:11     | Killed a two-headed ogre
 12724 | D:11     | Reached skill level 17 in Axes
 12838 | D:12     | Found a blossoming altar of Fedhas.
 12938 | D:12     | Reached skill level 10 in Armour
 13288 | D:12     | Got an uncursed polished great sword {freeze}
 13311 | D:12     | Got a shimmering long sword
 13552 | D:13     | Found Miedi's Antique Weapon Boutique.
 13556 | D:13     | Found a labyrinth entrance.
 13561 | Lab      | Entered a labyrinth
 13697 | Lab      | Reached XP level 12. HP: 104/110 MP: 11/11
 13813 | Lab      | Noticed a minotaur
 13822 | Lab      | Killed a minotaur
 13879 | Lab      | Got a steaming ivory ring
 13954 | D:13     | Identified the ring "Geakops" {*Contam rF++ Dex+2 SInv
                  | Stlth+} (You found it in a labyrinth)
 13971 | D:13     | Noticed a centaur warrior
 13979 | D:13     | Killed a centaur warrior
 13979 | D:13     | Received a gift from Trog
 14014 | D:13     | Found a gate to the Vaults.
 14170 | D:13     | Noticed a centaur warrior
 14177 | D:13     | Killed a centaur warrior
 14397 | D:13     | Reached skill level 18 in Axes
 15090 | Lair:1   | Entered Level 1 of the Lair of Beasts
 16164 | Lair:2   | Found a staircase to the Snake Pit.
 16373 | Lair:2   | Reached XP level 13. HP: 108/119 MP: 12/12
 16621 | Lair:2   | Found a staircase to the Swamp.
 17195 | Lair:3   | Received a gift from Trog
 17580 | Lair:3   | Reached skill level 19 in Axes
 17941 | Lair:4   | Noticed Lauz's ghost (journeyman MiBe)
 17946 | Lair:4   | Found a runed door.
 18684 | Lair:5   | Received a gift from Trog
 18900 | Lair:5   | Found a dark tunnel.
 18925 | Volcano  | Entered a volcano
 19235 | Volcano  | Noticed a fire dragon
 19310 | Volcano  | Found a burning altar of Makhleb.
 19315 | Volcano  | Killed a fire dragon
 19415 | Lair:5   | Found a runed door.
 19432 | Lair:5   | Noticed cotteux's ghost (journeyman GrBe)
 19439 | Lair:5   | Killed cotteux's ghost
 19977 | Lair:6   | Entered Level 6 of the Lair of Beasts
 19991 | Lair:5   | Reached XP level 14. HP: 99/130 MP: 13/13
 19993 | Lair:5   | Reached skill level 20 in Axes
 20081 | Lair:6   | Found a staircase to the Slime Pits.
 20376 | Lair:6   | Reached ****** piety under Trog
 20830 | Lair:6   | Received a gift from Trog
 21013 | Lair:6   | Got an ancient broad axe {god gift}
 21840 | Lair:6   | Reached skill level 15 in Armour
 23000 | Orc:1    | Entered Level 1 of the Orcish Mines
 23110 | Orc:1    | Found a flagged portal.
 23128 | Bailey   | Entered a bailey
 24087 | Bailey   | Reached skill level 1 in Crossbows
 24141 | Bailey   | Identified the +2 broad axe "Wavaetaa" {chop, rC++ Int+5
                  | SInv} (Trog gifted it to you on level 6 of the Lair of
                  | Beasts)
 24265 | Orc:1    | Reached skill level 15 in Fighting
 24350 | Orc:1    | Found a roughly hewn altar of Beogh.
 24725 | Orc:2    | Entered Level 2 of the Orcish Mines
 24744 | Orc:2    | Received a gift from Trog
 24952 | Orc:2    | Paralysed by an orc sorcerer for 2 turns
 24960 | Orc:2    | Found a staircase to the Elven Halls.
 25101 | Orc:2    | Found a radiant altar of Vehumet.
 25363 | Orc:2    | Reached XP level 15. HP: 139/141 MP: 14/14
 25408 | Orc:2    | Found Neur's Magic Scroll Emporium.
 25745 | Orc:2    | Found Pej Qiux's Jewellery Emporium.
 25778 | Orc:2    | Found Atitze's Antique Armour Boutique.
 25787 | Orc:2    | Found Sumpol's Magic Scroll Boutique.
 25791 | Orc:2    | Received a gift from Trog
 25845 | Orc:2    | Bought a runed hat for 273 gold pieces
 26240 | Swamp:1  | Entered Level 1 of the Swamp
 26250 | Swamp:1  | Reached skill level 21 in Axes
 26755 | Swamp:1  | Noticed Nikola
 27627 | Swamp:2  | Reached skill level 5 in Dodging
 27642 | Swamp:2  | Found a runed door.
 27642 | Swamp:2  | Noticed Pusafe's ghost (journeyman GrMo)
 27675 | Swamp:2  | Killed Pusafe's ghost
 28947 | Swamp:3  | Identified a scroll of acquirement
 28961 | Swamp:3  | Got a steaming crystal amulet
 28963 | Swamp:3  | Identified the amulet of the Doge {RegenMP Str+4 Dex+3}
                  | (You acquired it on level 3 of the Swamp)
 29308 | Swamp:3  | Received a gift from Trog
 29844 | Swamp:3  | Received a gift from Trog
 30225 | Swamp:4  | Entered Level 4 of the Swamp
 30262 | Swamp:4  | Reached XP level 16. HP: 95/157 MP: 15/15
 31136 | Swamp:4  | Got a decaying rune of Zot
 31959 | Swamp:1  | Killed Nikola
 32163 | Swamp:1  | Received a gift from Trog
 32522 | Snake:1  | Entered Level 1 of the Snake Pit
 33135 | Snake:1  | Received a gift from Trog
 33453 | Snake:1  | Got a brightly glowing chain mail
 33459 | Snake:1  | Gained mutation: Armour fits poorly on your strangely
                  | shaped body. [mutagenic glow]
 33464 | Snake:1  | Identified the +0 chain mail of Vadoepot {Stlth+} (You
                  | found it on level 1 of the Snake Pit)
 33865 | Snake:1  | Reached skill level 10 in Dodging
 34138 | Snake:2  | Reached XP level 17. HP: 97/170 MP: 16/16
 34458 | Snake:2  | Noticed Vashnia
 34482 | Snake:2  | Killed Vashnia
 34487 | Snake:2  | Slain by a shock serpent

Skill      XL: |  1  2  3  4  5  6  7  8  9 10 11 12 13 14 15 16 |
---------------+-------------------------------------------------+-----
Axes           | 4 5 6 7 8 10 12 14 15 17 18 19 20 21 | 21.8
Fighting       | 4 5 6 7 9 10 11 12 13 15 18 20 | 20.3
Stealth        | 1 |  1.0
Armour         | 3 8 10 12 14 15 16 18 | 18.2
Dodging        | 3 7 10 | 10.4
Crossbows      | 3 |  3.7

Action                   |  1- 3 |  4- 6 |  7- 9 | 10-12 | 13-15 | 16-18 || total
-------------------------+-------+-------+-------+-------+-------+-------++-------
Melee: Hand axe          |    61 |   121 |   342 |     3 |       |       ||   527
       Headbutt          |     9 |    19 |    60 |    87 |   218 |   102 ||   495
       Battleaxe         |       |       |       |   480 |   990 |   341 ||  1811
       Morningstar       |       |       |       |       |     8 |       ||     8
 Fire: Arbalest          |       |       |       |       |    35 |       ||    35
Invok: Berserk           |     1 |     2 |     3 |     3 |     1 |     1 ||    11
       Trog's Hand       |       |       |       |       |     1 |     1 ||     2
       Brothers in Arms  |       |       |       |       |     1 |     1 ||     2
Evoke: Wand              |       |       |       |       |     8 |       ||     8
  Use: Scroll            |       |     7 |     3 |    20 |     9 |     6 ||    45
       Potion            |       |       |       |     2 |     1 |     1 ||     4
 Stab: Sleeping          |       |     1 |     2 |       |       |       ||     3
       Distracted        |       |       |     2 |       |       |     1 ||     3
       Confused          |       |       |       |       |       |     1 ||     1
  Eat: Chunk             |     1 |     6 |    20 |    11 |    14 |     2 ||    54
       Ration            |       |     1 |     1 |     5 |     9 |     4 ||    20
Armor: Animal skin       |    14 |     6 |    13 |       |       |       ||    33
       Plate armour      |       |       |    24 |   274 |   680 |   225 ||  1203
       Leather armour    |       |       |     8 |       |       |       ||     8
Dodge: Dodged            |    43 |    72 |   154 |   171 |   428 |   179 ||  1047
Block: Other             |       |       |       |    12 |    98 |    19 ||   129
       Reflection        |       |       |       |       |    11 |       ||    11
